 Dungeon Crawl Stone Soup version 0.30-a0-250-g41c1d76940 (webtiles) character file.

Game seed: 5862643930613542956

191 sankara the Covered (level 5, 48/48 HPs)
             Began as an Armataur Fighter on Oct 12, 2022.
             Got out of the dungeon alive.
             The game lasted 00:06:30 (2414 turns).

sankara the Covered (Armataur Fighter)              Turns: 2414, Time: 00:06:31

Health: 48/48      AC:  7    Str: 21    XL:     5   Next: 41%
Magic:  5/5        EV:  7    Int:  9    God:
Gold:   141        SH:  4    Dex: 11    Spells: 4/4 levels left

rFire   . . .      SeeInvis .    a - +0 flail
rCold   . . .      Faith    .    c - +0 buckler
rNeg    + . .      Spirit   .    b - +0 scale mail
rPois   .          Reflect  .    (no helmet)
rElec   .          Harm     .    (no cloak)
rCorr   .          Roll     +    (no gloves)
Will    .....                    (no barding)
Stlth   ..........               (no amulet)
HPRegen 0.28/turn                B - ring of positive energy {rN+}
MPRegen 0.09/turn                (no ring)

@: no status effects
A: large, rugged brown scales 3, deformed body, armoured tail, roll, long
tongue, awkward tongue
a: no special abilities


You escaped.
You visited 1 branch of the dungeon, and saw 3 of its levels.

You collected 141 gold pieces.

Inventory:

Hand Weapons
 a - a +0 flail (weapon)
Missiles
 f - 5 poisoned darts (quivered)
 k - 25 stones
 z - a throwing net {=f, !d}
Armour
 b - a +0 scale mail (worn)
 c - a +0 buckler (worn)
 j - a +0 ring mail
   (You found it on level 1 of the Dungeon)
 l - a +0 leather armour
   (You found it on level 1 of the Dungeon)
 m - a +0 robe
   (You found it on level 1 of the Dungeon)
 t - a +0 robe
   (You found it on level 3 of the Dungeon)
 u - a +0 ring mail
   (You found it on level 3 of the Dungeon)
 A - a +0 ring mail
   (You found it on level 3 of the Dungeon)
Jewellery
 B - a ring of positive energy (left hand) {rN+}
   (You found it on level 3 of the Dungeon)
Wands
 x - a wand of charming (6)
   (You found it on level 3 of the Dungeon)
 y - a wand of iceblast (8)
   (You found it on level 3 of the Dungeon)
Scrolls
 h - 4 scrolls of identify {unknown}
 i - 2 scrolls of amnesia {unknown}
 o - 2 scrolls of brand weapon {unknown}
 r - a scroll of blinking {unknown}
 v - a scroll of enchant weapon {unknown}
Potions
 d - a potion of might
 e - a potion of cancellation {unknown}
 g - 2 potions of attraction {unknown}
 n - 2 potions of magic {unknown}
 p - 2 potions of brilliance {unknown}
 q - a potion of degeneration {unknown}
 s - a potion of curing {unknown}
 w - a potion of ambrosia {unknown}


   Skills:
 + Level 3.5 Fighting
 * Level 3.5 Maces & Flails
 + Level 4.7 Armour
 - Level 4.0 Shields


You had 4 spell levels left.
You didn't know any spells.
Your spell library was empty.

Dungeon Overview and Level Annotations

Branches:
Dungeon (3/15)

Altars:
Uskayaw

Shops:
D:2 ?


Innate Abilities, Weirdness & Mutations

You are completely covered in rugged brown scales. (AC +3, +7% HP)
Armour fits poorly on your strangely shaped body.
You have a long armoured tail.
You roll when moving toward enemies. (Rampage)
Your long tongue fully drains potion bottles. (2x potion effects)
Your tongue gives you trouble enunciating. (1.5x scroll delay)


Message History

No target in view!
No target in view!
A gnoll comes into view. It is wielding a +0 halberd.
The gnoll shouts!
A gnoll is nearby! 2 gnolls come into view.
The gnoll shouts! x2
The gnoll barely misses you.
You hit the gnoll.
You tail-slap the gnoll, but do no damage.
The gnoll is moderately wounded.
The gnoll barely misses you.
You barely miss the gnoll. You tail-slap the gnoll.
The gnoll is heavily wounded.
The gnoll hits you with a +0 halberd. The gnoll barely misses you.
You sock the gnoll!
You kill the gnoll!
You hit the gnoll.
The gnoll is lightly wounded.
You block the gnoll's attack.
You hit the gnoll.
The gnoll is moderately wounded.
The gnoll hits you but does no damage.
You sock the gnoll!
You kill the gnoll!
The gnoll hits you with a +0 flail.
You hit the gnoll but do no damage. The gnoll hits you with a +0 flail!
You are too injured to fight recklessly!
You are too injured to fight recklessly!
You are too injured to fight recklessly!
You are too injured to fight recklessly!
You are too injured to fight recklessly!
You are too injured to fight recklessly!
You are too injured to fight recklessly!
You are too injured to fight recklessly!
You are too injured to fight recklessly!
You are too injured to fight recklessly!
You are too injured to fight recklessly!
You are too injured to fight recklessly!
You are too injured to fight recklessly!
You are too injured to fight recklessly!
You are too injured to fight recklessly!
You are too injured to fight recklessly!
You are too injured to fight recklessly!
You are too injured to fight recklessly!
You are too injured to fight recklessly!
You are too injured to fight recklessly!
You are too injured to fight recklessly!
You are too injured to fight recklessly!
You are too injured to fight recklessly!
You sock the gnoll!
The gnoll is heavily wounded.
The gnoll hits you with a +0 flail.
You completely miss the gnoll.
The gnoll is heavily wounded.
The gnoll hits you with a +0 flail.
You hit the gnoll but do no damage.
The gnoll is heavily wounded.
The gnoll hits you but does no damage. The gnoll hits you with a +0 flail.
You closely miss the gnoll.
The gnoll is heavily wounded.
The gnoll hits you with a +0 flail!
You sock the gnoll!
You kill the gnoll!
z - a throwing net {=f, !d}
Items here: ))) ††.
A - a +0 ring mail Key pressed, stopping explore.
No target in view!
No target in view!
No target in view!
No target in view!
No target in view!
No target in view!
No target in view!
B - a ring of positive energy {rN+}
B - a ring of positive energy (left hand) {rN+} You now have 141 gold pieces (gained 10).
Done exploring.
Done exploring.
Done exploring.
Done exploring.
Done exploring.
(D) Dungeon
Where to? (Enter - D:3, ? - help)
You see here a +0 dagger.
There is a stone staircase leading up here.
You climb upwards.
There is a stone staircase leading down here.
(D) Dungeon
Where to? (Enter - D:2, ? - help)
There is a stone staircase leading up here.
You climb upwards.
There is a stone staircase leading down here.
(D) Dungeon
Where to? (Enter - D:1, ? - help)
Okay, then.
There is a staircase leading out of the dungeon here.
Are you sure you want to leave the Dungeon?
This will make you lose the game!
You have escaped!

#≈≈~~.###...........#.###
#≈≈~~....................
#≈~~~...............#.###
#≈~~~.............###.#
#≈≈.~.........8...# #.#
#≈~~~~.8.8....8..## #.###
#≈≈.~~...........# #....
#≈~≈~.~..........# #####
#≈≈~~~.~@.......##
#≈≈≈~~~.........#
≈≈≈~≈~.~~......##
≈≈≈≈~≈~~.~~.....#
≈≈≈≈≈~≈.~~~..~.~#
≈≈≈≈≈≈≈~~.....~≈#
≈≈≈≈≈≈≈≈~≈~~~~~~#
≈≈≈≈≈≈≈≈≈≈≈≈≈≈≈≈#
############


There were no monsters in sight!

Vanquished Creatures
  Natasha (D:2)
  3 gnolls (D:3)
  4 adders
  2 worms (D:2)
  5 dart slugs
  3 orcs (D:3)
  9 endoplasms
  A giant cockroach (D:2)
  5 hobgoblins
  8 jackals
  5 kobolds
  5 quokkas
  6 ball pythons
  7 bats
  4 frilled lizards
  6 goblins
  9 rats
83 creatures vanquished.

Notes
Turn   | Place    | Note
-------+----------+-------------------------------------------
     0 | D:1      | sankara the Armataur Fighter began the quest for the Orb.
     0 | D:1      | Reached XP level 1. HP: 19/19 MP: 1/1
   136 | D:1      | Reached skill level 2 in Maces & Flails
   161 | D:1      | Reached XP level 2. HP: 26/26 MP: 2/2
   602 | D:1      | Reached XP level 3. HP: 31/32 MP: 3/3
   693 | D:2      | Found Doas's Magic Scroll Shoppe.
   709 | D:2      | Reached skill level 4 in Armour
   712 | D:2      | Reached skill level 3 in Fighting
   861 | D:2      | HP: 8/33 [worm (4)]
  1102 | D:2      | Reached XP level 4. HP: 40/40 MP: 4/4
  1487 | D:2      | Noticed Natasha
  1498 | D:2      | Killed Natasha
  1499 | D:2      | Reached skill level 3 in Maces & Flails
  1499 | D:2      | Reached skill level 4 in Shields
  1883 | D:3      | Reached XP level 5. HP: 48/48 MP: 5/5
  1992 | D:3      | Found a hide-covered altar of Uskayaw.
  2414 | D:$      | Got out of the dungeon alive.

Illustrated notes

Levels and vault maps discovered:
D:1:      nicolae_arrival_washed_ashore, layout_loops_ring
D:2:      minmay_recursive_quarters, layout_loops_ring, serial_shops,
          nicolae_shop_advertising_works [nicolae_subvault_shop_adworks],
          uniq_natasha
D:3:      layout_rooms, mainiacjoe_overflow_brackets

Skill      XL: |  1  2  3  4 |
---------------+-------------+-----
Maces & Flails | 2 3 |  3.5
Armour         | 4 |  4.7
Fighting       | 3 |  3.5
Shields        | 4 |  4.0

Action                   |  1- 3 |  4- 6 || total
-------------------------+-------+-------++-------
Melee: Flail             |   136 |   100 ||   236
       Tailslap          |    16 |    13 ||    29
Armor: Scale mail        |   106 |    37 ||   143
Dodge: Dodged            |    72 |    24 ||    96
Block: Buckler           |    29 |    18 ||    47

Table legend: (Time is in decaauts)
 A = Elapsed time spent in this place.
 B = Non-inter-level travel time spent in this place.
 C = Inter-level travel time spent in this place.
 D = Time resting spent in this place.
 E = Time spent auto-exploring this place.
 F = Levels seen in this place.
 G = Mean time per level.
                   A        B        C        D        E       F      G
               +--------+--------+--------+--------+--------+-----+--------+
         Total |   2483 |   2375 |    108 |      0 |   1868 |   3 |  827.7 |
       Dungeon |   2483 |   2375 |    108 |      0 |   1868 |   3 |  827.7 |
               +--------+--------+--------+--------+--------+-----+--------+

Top non-repeatable levels by time:
     D:2: 1078 daAuts
     D:1: 736 daAuts
     D:3: 669 daAuts

Table legend:
 A = Kills in this place as a percentage of kills in entire the game.
 B = Kills by you in this place as a percentage of kills by you in the entire game.
 C = Kills by friends in this place as a percentage of kills by friends in the entire game.
 D = Other kills in this place as a percentage of other kills in the entire game.
 E = Experience gained in this place as a percentage of experience gained in the entire game.
 F = Experience gained in this place divided by the number of levels of this place that you have seen.
                   A       B       C       D       E      F
               +-------+-------+-------+-------+-------+----------------------
         Total | 100.0 | 100.0 |   N/A |   N/A | 100.0 |  91.0
       Dungeon | 100.0 | 100.0 |   N/A |   N/A | 100.0 |  91.0
               +-------+-------+-------+-------+-------+----------------------
